 Dungeon Crawl Stone Soup version 0.29.1-12-g30fa7ad0bf (webtiles) character file.

Game seed: 444146756831700133

5204 MacCMillion the Geomancer (level 10, -3/63 HPs)
             Began as a Gargoyle Earth Elementalist on Dec 12, 2022.
             Was a Believer of Vehumet.
             Slain by a gargoyle
             ... wielding a +0 mace
              (16 damage)
             ... on level 10 of the Dungeon.
             The game lasted 00:43:11 (14246 turns).

MacCMillion the Geomancer (GrEE)                   Turns: 14246, Time: 00:43:11

Health: -3/63      AC: 14    Str: 15    XL:     10   Next: 60%
Magic:  5/19       EV: 12    Int: 28    God:    Vehumet [**....]
Gold:   554        SH:  0    Dex:  7    Spells: 13/21 levels left

rFire   . . .      SeeInvis .   F - +6 rapier of Terror {vorpal, Will+ Str+3 Int+8 Dex-3}
rCold   + . .      Faith    .   (no shield)
rNeg    + . .      Spirit   .   a - +0 robe
rPois   ∞          Reflect  .   A - +1 hat
rElec   +          Harm     .   (no cloak)
rCorr   .          Rampage  .   (no gloves)
Will    +....                   (no boots)
Stlth   ++........              (no amulet)
HPRegen 0.20/turn               y - +4 ring of protection
MPRegen 0.16/turn               K - ring of protection from cold

@: no status effects
A: sickness immunity, AC +7, negative energy resistance 1, electricity
resistance, torment resistance 1, petrification resistance
a: Renounce Religion


You were on level 10 of the Dungeon.
You worshipped Vehumet.
Vehumet was pleased with you.
You visited 2 branches of the dungeon, and saw 11 of its levels.

You collected 578 gold pieces.
You spent 24 gold pieces at shops.

Inventory:

Hand Weapons
 c - a +0 dagger
 o - a +0 sling
 F - the +6 rapier of Terror (weapon) {vorpal, Will+ Str+3 Int+8 Dex-3}
   (You found it on level 6 of the Dungeon)

   It inflicts extra damage upon your enemies.
   Str:       It affects your strength (+3).
   Int:       It affects your intelligence (+8).
   Dex:       It affects your dexterity (-3).
   Will:      It increases your willpower.
Armour
 a - a +0 robe (worn)
 r - a +0 buckler
 A - a +1 hat (worn)
 M - the +0 robe of Experimentation {*Slow Int+5}
   (You found it on level 9 of the Dungeon)

   Int:       It affects your intelligence (+5).
   *Slow:     It may slow you when you take damage.
Magical Staves
 H - a staff of fire
Jewellery
 y - a +4 ring of protection (left hand)
 B - an amulet of guardian spirit
 K - a ring of protection from cold (right hand)
 O - a ring of positive energy
Wands
 s - a wand of roots (6)
 u - a wand of acid (7)
 N - a wand of digging (9)
 P - a wand of charming (6)
Scrolls
 e - a scroll of enchant weapon {unknown}
 g - a scroll of noise
 h - 6 scrolls of teleportation
 i - 3 scrolls of summoning
 j - 2 scrolls of vulnerability
 m - 2 scrolls of blinking
 p - 2 scrolls of fear
 v - 5 scrolls of magic mapping
 x - a scroll of poison {unknown}
 z - a scroll of brand weapon
 C - a scroll of silence
 D - a scroll of immolation
 E - 3 scrolls of enchant armour {unknown}
 G - 2 scrolls of amnesia {unknown}
 R - a scroll of identify
Potions
 b - a potion of magic
 d - 2 potions of haste
 f - a potion of lignification
 k - 2 potions of might
 l - 2 potions of mutation
 n - 5 potions of degeneration
 q - 2 potions of heal wounds
 t - 4 potions of cancellation
 w - 2 potions of curing
 I - 2 potions of brilliance
 J - a potion of attraction
 L - a potion of invisibility {unknown}
 Q - a potion of flight {unknown}


   Skills:
 - Level 7.4 Fighting
 - Level 4.0 Dodging
 - Level 2.1 Stealth
 + Level 3.3 Shields
 - Level 6.0 Spellcasting
 + Level 8.6 Conjurations
 - Level 0.7 Transmutations
 - Level 9.9 Earth Magic


You had 13 spell levels left.
You knew the following spells:

 Your Spells              Type           Power      Damage    Failure   Level
a - Sandblast             Erth           100%       2d20      1%          1
b - Stone Arrow           Conj/Erth      100%       3d13      1%          3
c - Iskenderun's Mystic   Conj/Tloc      32%        2d8       11%         4

Your spell library contained the following spells:

 Spells                   Type           Power      Damage    Failure   Level
 Poisonous Vapours        Pois/Air       16%        N/A       9%          2
 Magic Dart               Conj           100%       1d8       1%          1
 Passwall                 Tmut/Erth      31%        N/A       1%          2
 Static Discharge         Conj/Air       32%        3-7/arc   1%          2
 Mephitic Cloud           Conj/Pois/Air  24%        N/A       5%          3
 Petrify                  Tmut/Erth      38%        N/A       7%          4
 Animate Armour           Summ/Erth      72%        N/A       8%          4
 Ensorcelled Hibernation  Hex/Ice        16%        N/A       9%          2
 Scorch                   Fire           16%        2d5       9%          2
 Flame Wave               Conj/Fire      32%        2d9       11%         4
 Swiftness                Air            8%         N/A       19%         3
 Iron Shot                Conj/Erth      28%        9d6       21%         6
 Irradiate                Conj/Tmut      17%        3d17      24%         5
 Conjure Ball Lightning   Conj/Air       16%        3x3d6     85%         6
 Summon Cactus Giant      Summ           4%         N/A       100%        6
 Lehudib's Crystal Spear  Conj/Erth      28%        10d8      100%        8


Dungeon Overview and Level Annotations

Branches:
Dungeon (10/15)            Temple (1/1) D:5             Orc (0/2) D:9
   Lair: D:8-11

Altars:
Ashenzari
Cheibriados
Dithmenos
Elyvilon
Fedhas
Gozag
Hepliaklqana
Kikubaaqudgha
Makhleb
Nemelex Xobeh
Okawaru
Qazlal
Ru
Sif Muna
Trog
Uskayaw
Vehumet
Wu Jian
Xom
Yredelemnul
Zin
The Shining One

Shops:
D:1 [   D:2 ?

Annotations:
D:10 exclusion: gargoyle


Innate Abilities, Weirdness & Mutations

You are immune to sickness and miasma.
Your stone body is resilient. (AC +7)
You are immune to poison.
You resist negative energy. (rN+)
You are resistant to electric shocks. (rElec)
You are resistant to unholy torment.
You are immune to petrification.


Message History

Okay, then.
Casting: Stone Arrow (safe; 1% risk of failure)
Confirm with . or Enter, or press ? or * to list all spells.
Aiming: Stone Arrow (safe; 1% risk of failure)
Press: ? - help, Shift-Dir - straight line, f - howler monkey
Aim: a howler monkey (catching its breath, 75% to hit)
The stone arrow hits the howler monkey!
The howler monkey is severely wounded.
The orc warrior shouts!
The howler monkey barely misses you. x2
Casting: Stone Arrow (safe; 1% risk of failure)
Confirm with . or Enter, or press ? or * to list all spells.
Aiming: Sandblast (safe; 1% risk of failure)
Press: ? - help, Shift-Dir - straight line, f/p - howler monkey
Aim: a howler monkey (severely wounded, catching its breath, 84% to hit)
The blast of sand hits the howler monkey!
You kill the howler monkey!
Vehumet accepts your kill.
An orc comes into view. It is wielding a +0 club.
The orc moves out of view.
An orc comes into view. It is wielding a +0 club.
The gargoyle hurls a stone arrow at you.
The stone arrow hits you!
The gargoyle hurls a stone arrow at you.
The stone arrow hits you!
Unknown command.
The gargoyle hits you with a +0 mace!
Casting: Sandblast (safe; 1% risk of failure)
Confirm with . or Enter, or press ? or * to list all spells.
You erupt in a blast of force!
The mystic blast hits the orc warrior.
The orc warrior is moderately wounded.
The orc warrior is knocked back by the mystic blast.
The mystic blast hits the gargoyle but does no damage.
The orc shouts!
The gargoyle hurls a stone arrow at you.
The stone arrow hits you!
* * * LOW HITPOINT WARNING * * *
Unknown command.
The gargoyle attacks as you move away! The gargoyle hits you with a +0 mace!
You die...

#..........# #.##.##.....
#####..........####..#........
##...)...#####.............}...
#..............#####.........###
################ #............
#########......###...
#.........###........
#....................
#...@.z.....##.......
#....9.........>.....
####o........####.......
#......†.....####......?
..o.o..........)).........
.#####.........#########..
########### ###


You could see an orc warrior, a gargoyle, a wight and 2 orcs.

Vanquished Creatures
  A hornet (D:7)
  10 yaks
  A steam dragon (D:7)
  An acid dragon (D:9)
  5 water moccasins
  2 orc warriors (D:9)
  An ice beast (D:8)
  3 ogres
  A phantom (D:4)
  A gnoll sergeant (D:9)
  3 bullfrogs
  A necrophage (D:4)
  A scorpion (D:5)
  5 wights
  4 killer bees (D:9)
  An electric eel (D:8)
  4 howler monkeys
  3 jellies
  9 orc priests
  2 gnoll boudas
  5 hounds
  9 orc wizards
  Robin (D:4)
  16 gnolls
  13 adders
  2 shadow imps
  4 worms
  A dart slug (D:1)
  22 orcs
  3 endoplasms
  5 giant cockroaches
  8 hobgoblins
  7 kobolds
  8 quokkas
  4 ball pythons
  6 bats (D:1)
  5 frilled lizards
  14 goblins
  7 rats
199 creatures vanquished.

Notes
Turn   | Place    | Note
-------+----------+-------------------------------------------
     0 | D:1      | MacCMillion the Gargoyle Earth Elementalist began the quest
                  | for the Orb.
     0 | D:1      | Reached XP level 1. HP: 10/10 MP: 3/3
    23 | D:1      | Found Apikon's Armour Shoppe.
   276 | D:1      | Reached XP level 2. HP: 15/15 MP: 3/5
   315 | D:1      | Reached skill level 4 in Earth Magic
   735 | D:1      | Reached XP level 3. HP: 19/19 MP: 3/6
   763 | D:1      | Learned a level 3 spell: Stone Arrow
  1281 | D:2      | Found a faded altar of an unknown god.
  1500 | D:2      | Reached skill level 1 in Conjurations
  1500 | D:2      | Reached XP level 4. HP: 24/24 MP: 6/8
  1700 | D:2      | Reached skill level 5 in Earth Magic
  1758 | D:2      | Found Gicubic's Magic Scroll Shoppe.
  1762 | D:2      | Bought a scroll of identify for 24 gold pieces
  2066 | D:3      | Reached XP level 5. HP: 28/28 MP: 7/9
  2920 | D:4      | Noticed a phantom
  2948 | D:4      | Noticed Robin
  2993 | D:4      | Reached skill level 6 in Earth Magic
  3106 | D:4      | Killed a phantom
  3107 | D:4      | Reached XP level 6. HP: 28/32 MP: 5/10
  4280 | D:4      | Reached XP level 7. HP: 36/36 MP: 10/12
  4812 | D:5      | Entered Level 5 of the Dungeon
  4997 | D:4      | Killed Robin
  5213 | D:5      | Reached skill level 7 in Earth Magic
  5429 | D:5      | Reached skill level 5 in Conjurations
  5493 | D:5      | Found a staircase to the Ecumenical Temple.
  5505 | Temple   | Entered the Ecumenical Temple
  5603 | Temple   | Became a worshipper of Vehumet
  5914 | D:5      | Reached XP level 8. HP: 41/41 MP: 9/14
  6532 | D:5      | Reached skill level 8 in Earth Magic
  7047 | D:5      | Found a white marble altar of Elyvilon.
  7790 | D:6      | Identified the +6 rapier of Terror {vorpal, Will+ Str+3
                  | Int+8 Dex-3}
  7898 | D:7      | Noticed a hornet
  7942 | D:7      | Killed a hornet
  7943 | D:7      | Reached skill level 5 in Fighting
  8318 | D:7      | Reached XP level 9. HP: 54/54 MP: 12/15
  9973 | D:8      | Reached * piety under Vehumet
  9973 | D:8      | Offered knowledge of Foxfire by Vehumet.
 10394 | D:8      | Reached skill level 5 in Spellcasting
 10834 | D:8      | Reached skill level 9 in Earth Magic
 11111 | D:8      | Identified a scroll of acquirement
 11372 | D:9      | Identified the +0 robe of Experimentation {*Slow Int+5}
 11607 | D:8      | Reached XP level 10. HP: 59/61 MP: 11/18
 12198 | D:9      | Found a staircase to the Orcish Mines.
 12597 | D:9      | Reached skill level 1 in Shields
 13212 | D:9      | Acquired the Meditations on Overcast Attacks
 13219 | D:9      | Learned a level 4 spell: Iskenderun's Mystic Blast
 14137 | D:10     | Entered Level 10 of the Dungeon
 14188 | D:10     | Noticed a gargoyle
 14215 | D:10     | Noticed a gargoyle
 14233 | D:10     | Offered knowledge of Poisonous Vapours by Vehumet.
 14241 | D:10     | Reached ** piety under Vehumet
 14246 | D:10     | Slain by a gargoyle

Illustrated notes

Levels and vault maps discovered:
D:1:      tarquinn_simple_flora_water_a, layout_rooms, serial_shops,
          nicolae_shop_advertising_works [nicolae_subvault_shop_adworks]
D:2:      layout_rooms, serial_shops, shop,
          hellmonk_ecumenical_altar_pennies_from_heaven
D:3:      minmay_spotlight, layout_basic, serial_forest,
          infiniplex_forest_clump_medium, infiniplex_forest_lined_3,
          infiniplex_forest_lined_2, infiniplex_forest_straight_2,
          infiniplex_forest_clump_diagonal
D:4:      layout_gridville, uniq_robin
D:5:      layout_layer_cave, elyvilon_altar_1, minmay_temple_entry_proselytizer,
          minmay_liquid_box
D:6:      layout_gridville
D:7:      layout_basic, grunt_ministairs_12
D:8:      layout_cave_pools, nrook_campfire, minivault_4,
          nicolae_underground_beach
D:9:      layout_cave_pods, orc_0_dummy, minivault_10
D:10:     layout_rooms
Temple:   minmay_crystal_snake_temple

Skill      XL: |  1  2  3  4  5  6  7  8  9 10 |
---------------+-------------------------------+-----
Earth Magic    | 4 5 6 7 8 9 |  9.9
Conjurations   | 1 2 3 4 5 6 7 8 |  8.6
Spellcasting   | 3 4 5 6 |  6.0
Fighting       | 5 6 7 |  7.4
Dodging        | 2 3 4 |  4.0
Shields        | 3 |  3.3
Stealth        | |  2.1
Transmutations | |  0.7

Action                   |  1- 3 |  4- 6 |  7- 9 | 10-12 || total
-------------------------+-------+-------+-------+-------++-------
Melee: Unarmed           |     1 |       |       |       ||     1
       Dagger            |     8 |       |     3 |       ||    11
       Rapier            |       |       |    10 |    11 ||    21
 Fire: Sling             |       |    64 |    86 |     8 ||   158
 Cast: Sandblast         |    54 |    55 |   101 |    15 ||   225
       Stone Arrow       |       |     6 |    53 |    41 ||   100
       Iskenderun's Myst |       |       |       |     1 ||     1
  Use: Scroll            |       |     9 |    11 |     3 ||    23
Armor: Robe              |    11 |     4 |    32 |     2 ||    49
Dodge: Dodged            |    14 |     3 |    35 |    22 ||    74
